 Dungeon Crawl Stone Soup version 0.31-a0-691-g409c26aa35 (webtiles) character file.

Game seed: 10115532365178366930

1395037 Vorhees the Wishgranter (level 27, 194/194 HPs)
             Began as a Djinni Conjurer on Sept 6, 2023.
             Was an Initiate of Gozag.
             Escaped with the Orb
             ... and 3 runes!
             The game lasted 03:05:47 (96481 turns).

Vorhees the Wishgranter (Djinni Conjurer)          Turns: 96481, Time: 03:05:47

Health: 194/194    AC: 18    Str:  8    XL:     27
Gold:   1063       EV: 19    Int: 45    God:    Gozag SH: 12 Dex: 22

rFire   + + +        M - +1 long sword of Qoeraule {chaos, +Blink Will++ MP+9 SInv}
rCold   + + +        I - +3 buckler {rC+}
rNeg    . . .        h - +5 ring mail of Esioppu {rF++ Str+2 Dex+4}
rPois   ∞            L - +2 helmet {Int+3}
rElec   +            X - scarf {rC+ rF+}
rCorr   .            f - +1 pair of gloves of Impatience {rF- rC+ Dex+3}
SInv    +            (boots unavailable)
Will    +++++        k - amulet of Stoicism {Acrobat rElec rF- Will+ Int+3}
Stlth   +            e - +6 ring of intelligence
HPRegen 0.52/turn    B - ring of Brilliance {Wiz rPois rC+ Will+ Dex+2}
MPRegen 0.00/turn

%: acrobat, wizardry (x1)
@: flying, studying Spellcasting
A: sickness immunity, fire resistance 2, cold vulnerability 1, float, innate
caster, HP casting, extra vitality 1, frail 1, inability to drink after injury 1
0: Orb of Zot
}: 3/15 runes: decaying, slimy, gossamer
a: Renounce Religion, Evoke Blink, Potion Petition, Call Merchant, Bribe Branch


You escaped.
You worshipped Gozag.
Gozag was most pleased with you.
You visited 11 branches of the dungeon, and saw 52 of its levels.
You visited 1 bazaar.
You also visited: Sewer.

You collected 27511 gold pieces.
You spent 6084 gold pieces at shops.
You paid 20364 gold pieces to Gozag.

Inventory:

Hand Weapons
 M - the +1 long sword of Qoeraule (weapon) {chaos, +Blink Will++ MP+9 SInv}
   (You found it on level 1 of the Lair of Beasts)

   Will++:    It greatly increases your willpower.
   MP+9:      It affects your magic capacity (+9).
   SInv:      It lets you see invisible.
   +Blink:    It lets you blink.
Armour
 a - the +2 cloak of Eleume {Regen+ Slay+2}
   (You found it on level 3 of the Elven Halls)

   Slay+2:    It affects your accuracy & damage with ranged weapons and melee
   (+2).
   Regen+:    It increases your rate of health regeneration.
 f - the +1 pair of gloves of Impatience (worn) {rF- rC+ Dex+3}
   (You bought it in a shop on level 2 of the Orcish Mines)

   Dex+3:     It affects your dexterity (+3).
   rF-:       It makes you vulnerable to fire.
   rC+:       It protects you from cold.
 h - the +5 ring mail of Esioppu (worn) {rF++ Str+2 Dex+4}
   (You bought it in a shop in a bazaar)

   Str+2:     It affects your strength (+2).
   Dex+4:     It affects your dexterity (+4).
   rF++:      It greatly protects you from fire.
 C - the +3 faerie dragon scales {rN+ rCorr HP+4 Str+2}
   (You took it off the Enchantress on level 3 of the Depths)

   Str+2:     It affects your strength (+2).
   rN+:       It protects you from negative energy.
   HP+4:      It affects your health (+4).
   rCorr:     It protects you from acid and corrosion.
 H - the +3 hat of Pondering {ponderous, Will+ MP+10 Int+5}
   (You took it off Gastronok on level 8 of the Dungeon)

   Int+5:     It affects your intelligence (+5).
   Will+:     It increases your willpower.
   MP+10:     It affects your magic capacity (+10).
 I - a +3 buckler of cold resistance (worn)
 L - a +2 helmet of intelligence (worn)
 P - quicksilver dragon scales
 T - the sphere of Battle
   (You bought it in a shop on level 2 of the Orcish Mines)

   Battle:    It summons a battlesphere in combat, with strength depending on
   Conjurations skill.
   Destructive: It enhances your destructive magic, and weakens non-destructive
   magic.
 X - a scarf of resistance (worn)
Magical Staves
 m - a staff of conjuration
 u - the staff of Corruption {rN+ Dex+3 Necro Air}
   (You found it on level 4 of the Vaults)

   [staff of death]

   Base accuracy: +5 Base damage: 5 Base attack delay: 1.2 This weapon's minimum
   attack delay (0.6) is reached at skill level 12.
   Dex+3:     It affects your dexterity (+3).
   rN+:       It protects you from negative energy.
   Necro:     It increases the power of your Necromancy spells.
   Air:       It increases the power of your Air spells.
   It falls into the 'Staves' category.
   It is a one-handed weapon.
Jewellery
 d - the ring "Hyifipp" {rCorr Dex+3}
   (You found it on level 5 of the Pits of Slime)

   [ring of resist corrosion]

   Dex+3:     It affects your dexterity (+3).
   rCorr:     It protects you from acid and corrosion.
 e - a +6 ring of intelligence (left hand)
 k - the amulet of Stoicism (around neck) {Acrobat rElec rF- Will+ Int+3}
   (You bought it in a shop on level 1 of the Depths)

   [amulet of the acrobat]

   Acrobat:   It increases your evasion while moving and waiting.
   Int+3:     It affects your intelligence (+3).
   rF-:       It makes you vulnerable to fire.
   rElec:     It insulates you from electricity.
   Will+:     It increases your willpower.
 q - the amulet of the Invisible Lies {Spirit rPois rC+++ rCorr Slay-6}
   (You took it off a fire giant on level 3 of the Depths)

   [amulet of guardian spirit]

   Spirit:    It causes incoming damage to be divided between your reserves of
   health and magic.
   Slay-6:    It affects your accuracy & damage with ranged weapons and melee
   (-6).
   rC+++:     It renders you almost immune to cold.
   rPois:     It protects you from poison rCorr: It protects you from acid and
   corrosion.
 B - the ring of Brilliance (right hand) {Wiz rPois rC+ Will+ Dex+2}
   (You found it on level 2 of the Elven Halls)

   [ring of wizardry]

   Wiz:       It improves your spell success rate.
   Dex+2:     It affects your dexterity (+2).
   rC+:       It protects you from cold.
   rPois:     It protects you from poison Will+: It increases your willpower.
 G - a +6 ring of dexterity
 K - the ring of Shadows {Umbra +Inv Stlth+}
   (You found it on level 5 of the Pits of Slime)

   [ring of stealth]

   Umbra:     It surrounds you with an aura of shadow, increasing your stealth
   and reducing the accuracy of all others within it.
   +Inv:      It lets you turn invisible.
   Stlth+:    It makes you more stealthy.
 O - a ring of see invisible
Wands
 g - a wand of digging (5)
 s - a wand of charming (50)
 t - a wand of flame (107)
 v - a wand of polymorph (6)
 D - a wand of roots (49)
 W - a wand of mindburst (28)
 Y - a wand of quicksilver (19)
Scrolls
 x - 2 scrolls of enchant armour
 y - 7 scrolls of fear
 A - 7 scrolls of poison
 E - 10 scrolls of immolation
 F - 20 scrolls of teleportation
 N - 4 scrolls of revelation
 U - 4 scrolls of butterflies
 V - 9 scrolls of fog
Potions
 b - a potion of invisibility
 c - 12 potions of brilliance
 i - 6 potions of enlightenment
 j - 2 potions of haste
 l - 4 potions of lignification
 n - 4 potions of cancellation
 o - 8 potions of attraction
 p - 4 potions of resistance
 r - 13 potions of curing
 w - 10 potions of might
 z - 6 potions of mutation
 Q - 5 potions of ambrosia


   Skills:
 * Level 23.4 Fighting
 + Level 0.7 Long Blades
 - Level 10.1 Armour
 * Level 14.9 Dodging
 - Level 1.5 Stealth
 * Level 16.2 Shields
 O Level 27 Spellcasting
 - Level 26.0 Conjurations
 - Level 26.0 Hexes
 - Level 26.0 Summonings
 - Level 26.0 Necromancy
 - Level 26.0 Translocations
 - Level 26.0 Transmutations
 - Level 26.0 Fire Magic
 - Level 26.0 Ice Magic
 - Level 26.0 Air Magic
 - Level 26.0 Earth Magic
 - Level 26.0 Poison Magic
 + Level 0.1 Evocations


You knew the following spells:

 Your Spells              Type           Power      Damage    Failure   Level
a - Magic Dart            Conj           100%       1d8       0%          1
b - Searing Ray           Conj           100%       2d8       0%          2
c - Dazzling Flash        Conj/Hex       100%       N/A       0%          3
d - Fulminant Prism       Conj/Hex       69%        3d28      0%          4
e - Iskenderun's Mystic   Conj/Tloc      100%       2d19      0%          4
f - Kiss of Death         Conj/Necr      100%       2d13      0%          1
g - Call Imp              Summ           100%       N/A       0%          2
h - Confusing Touch       Hex            100%       N/A       0%          3
i - Tukima's Dance        Hex            100%       N/A       0%          3
j - Olgreb's Toxic Radia  Pois           100%       N/A       0%          4
k - Eringya's Noxious Bo  Tmut/Pois      69%        4d6       0%          6
l - Plasma Beam           Fire/Air       69%        2x1d86    0%          6
m - Leda's Unmaking       Conj/Erth      69%        9d11      0%          6
n - Haunt                 Necr/Summ      69%        N/A       0%          7
o - Malign Gateway        Summ/Tloc      69%        N/A       0%          7
p - Dragon's Call         Summ           69%        N/A       1%          9
q - Death's Door          Necr           69%        N/A       1%          9
y - Silence               Hex/Air        69%        N/A       0%          5
Your spell library was empty.

Dungeon Overview and Level Annotations

Branches:
Dungeon (15/15)            Temple (1/1) D:5            Lair (5/5) D:10
  Swamp (4/4) Lair:3       Spider (4/4) Lair:2        Slime (5/5) Lair:4
    Orc (2/2) D:9             Elf (3/3) Orc:2        Vaults (4/5) D:13
  Crypt (0/3) Vaults:2     Depths (4/4) D:15            Zot (5/5) Depths:4
  Sewer (visited)

Altars:
Ashenzari
Cheibriados
Dithmenos
Elyvilon
Fedhas
Gozag
Hepliaklqana
Makhleb
Nemelex Xobeh
Okawaru
Qazlal
Ru
Trog
Uskayaw
Wu Jian
Xom
Yredelemnul
Zin
The Shining One
Jiyva

Shops:
D:2 [[*   D:9 (   Orc:1 :   Orc:2 [*[![**   Elf:1 [   Elf:2 *   Elf:3 (
Vaults:2 [(   Vaults:3 !   Vaults:4 [   Zot:4 =   Depths:1 (=(   Depths:2 =:=

Portals:
Hell: Depths:1 Depths:2 Depths:3 Depths:4
Abyss: Depths:3 Depths:4
Pandemonium: Depths:2
Ziggurat: Depths:1
Trove: D:12 (give 14 potions of heal wounds)

Annotations:
D:12 2 transporters, WhatIsLove's ghost, journeyman DrMo
Spider:1 2 transporters, DEFE's ghost, adept DESh
Zot:4 1 transporter


Innate Abilities, Weirdness & Mutations

You are immune to sickness and miasma.
You are immune to poison.
Your flesh is very heat resistant. (rF++)
You are vulnerable to cold. (rC-)
You float through the air rather than walking.
You learn spells naturally, not from books.
Your magical power is your life essence.
You have superior vitality. (+4 MHP)
You are frail. (-10% HP)
You occasionally lose the ability to drink potions when taking damage.


Message History

There is a stone staircase leading up here.
There is an escape hatch in the ceiling here.
Unknown command.
A mysterious force pulls you upwards. The hatch slams shut behind you.
Unknown command.
A cacodemon and 2 sixfirhies come into view.
The sixfirhy moves out of view.
There is a stone staircase leading up here.
Unknown command.
The sixfirhy hits you but does no damage.
The sixfirhy barely misses you. You block the sixfirhy's attack.
You fly upwards.
There is a stone staircase leading down here.
HP restored.
There is a stone staircase leading up here.
You fly upwards.
There is a stone staircase leading down here.
A hellephant comes into view.
There is a stone staircase leading up here.
The hellephant breathes flames at you. The blast of flame hits you! You resist.
You fly upwards.
There is a stone staircase leading down here.
Unknown command.
There is a stone staircase leading up here.
Unknown command.
Unknown command.
You fly upwards.
There is a stone staircase leading down here.
Unknown command.
HP restored.
There is a stone staircase leading up here.
Unknown command.
Unknown command.
You fly upwards.
There is a stone staircase leading down here.
There is a staircase leading out of the dungeon here.
Unknown command.
Unknown command.
You have escaped!

#...##.............#.#
#.#.#
#...#...###...###....#
#.#.#
#...#...#>......#....#
#.#.#
#####...#.......#....#
#.#.###
##.............#.#
#.#...# #......#......#.#
#.###.# #
##.............#.#
#.....# #
#...#.......#....#
####### ####
#...#......@#....#
'..###...###...###....#
##..###.............#(#
###..##.............#.# #
##.####...###...###.# #
#......### ###..#..######
#.......## ##...).....#
#........########.......#
#......#.....###........#


There were no monsters in sight!

Vanquished Creatures
  A dread lich (Zot:5)
  A juggernaut (Depths:2)
  Vv (Depths:2)
  Bai Suzhen (Depths:2)
  2 curse toes (Zot:5)
  7 golden dragons
  Nikola (Depths:1)
  the Enchantress (Depths:3)
  Norris (Elf:3)
  9 tentacled monstrosities
  Rupert (Lair:5)
  An electric golem (Zot:5)
  The ghost of WhatIsLove the Slayer, an adept HOMo of Beogh (Swamp:4)
  10 Orb Guardians
  2 deep elf blademasters (Elf:3)
  3 quicksilver dragons
  4 liches
  The ghost of psellion the Peltast, an adept FoHs of Okawaru (Spider:4)
  7 titans
  Asterion (Elf:3)
  A walking frostbound tome (Depths:2)
  7 sphinxes
  11 acid blobs
  An Executioner (D:10)
  Gastronok (D:8)
  4 deep elf master archers (Elf:3)
  5 death cobs
  Frances (D:13)
  3 shadow dragons
  Kirke (Swamp:2)
  3 tengu reavers
  12 storm dragons
  3 rockslimes
  10 draconian monks
  4 azure jellies
  8 frost giants
  An iron dragon (Elf:1)
  5 emperor scorpions
  15 fire giants
  2 draconian knights (Zot:2)
  2 deep elf elementalists (Elf:3)
  5 draconian scorchers
  2 deep elf sorcerers (Elf:3)
  Louise (Swamp:4)
  3 vault wardens (Vaults:4)
  2 orc warlords
  6 ghost moths
  7 draconian annihilators
  3 draconian shifters
  10 ironbound preservers
  5 draconian stormcallers
  5 spriggan defenders
  A reaper (Zot:3)
  2 broodmothers
  4 formless jellyfish
  A war gargoyle (Vaults:1)
  13 stone giants
  5 quicksilver oozes
  20 very ugly things
  2 ironbound thunderhulks
  4 eleionomae
  9 green draconians
  2 bunyips
  2 vampire knights
  6 deep elf demonologists
  6 dire elephants
  7 black draconians
  6 purple draconians
  12 spark wasps
  7 deep elf annihilators
  9 red draconians
  A lorocyproca (Zot:2)
  4 white draconians
  13 yellow draconians
  11 ettins
  5 deep elf death magi (Elf:3)
  12 fire dragons
  Snorg (Lair:5)
  12 deep elf high priests
  6 entropy weavers
  8 yaktaur captains
  5 vault guards
  Harold (D:9)
  2 jiangshi (Depths:2)
  6 ice dragons
  12 great orbs of eyes
  A salamander tyrant (Depths:3)
  2 peacekeepers
  21 hydras
  6 spriggan air magi
  6 ironbound frosthearts
  4 catoblepae
  12 alligators
  2 ghost crabs
  4 jorogumos
  3 radroaches
  15 centaur warriors
  27 dancing weapons
  9 boulder beetles
  14 death yaks
  10 two-headed ogres
  A vampire mage (Depths:2)
  Erica (D:8)
  7 deep troll shamans
  8 deep troll earth magi
  4 demonic crawlers
  5 spriggan berserkers
  7 tengu warriors
  Urug (Orc:1)
  2 soul eaters (Depths:2)
  7 orc high priests
  10 sun demons (Depths:3)
  4 hell knights (Depths:1)
  3 spectral emperor scorpions (Spider:4)
  19 deep elf knights
  4 pharaoh ants
  6 skysharks
  2 spectral ghost moths (Spider:4)
  2 fire crabs (Swamp:4)
  A salamander mystic (Depths:3)
  4 sun moths
  5 goliath frogs
  8 iron trolls
  5 skeletal warriors
  4 spriggan druids
  Lodul (D:13)
  53 deep trolls
  5 orb spiders
  11 swamp dragons
  3 bog bodies
  A spectral spark wasp (Spider:4)
  8 lindwurms
  A shadow demon (Depths:2)
  A spectral jorogumo (Spider:4)
  3 necromancers (Depths:1)
  3 flayed ghosts (Depths:2)
  13 ironbound convokers
  2 phantasmal warriors (Depths:3)
  4 wizards
  3 steelbarb worms
  14 orc knights
  31 deep elf pyromancers
  13 deep elf archers
  30 deep elf zephyrmancers
  6 shining eyes
  2 orc sorcerers
  11 cyclopes
  24 ugly things
  20 wolf spiders
  A mana viper (shapeshifter) (Depths:2)
  18 moths of wrath
  2 salamanders (Depths:3)
  The ghost of Vorhees the Magician, a novice DjHs of Gozag (D:6)
  3 will-o-the-wisps
  6 manticores
  2 spectral radroaches (Spider:4)
  11 elephants
  4 molten gargoyles (Elf:2)
  6 eyes of devastation
  2 black mambas
  A smoke demon (Depths:2)
  A water nymph (shapeshifter) (Depths:2)
  2 rust devils (Depths:2)
  2 orange demons (Depths:2)
  12 vault sentinels
  An emperor scorpion simulacrum (Spider:4)
  Maggie (D:7)
  9 cane toads
  2 gargoyles
  Psyche (D:8)
  2 hellions
  An efreet (D:13)
  2 kobold demonologists
  An unseen horror (D:12)
  6 rime drakes
  6 tengu conjurers
  An ice devil (Depths:2)
  14 yaktaurs
  A freezing wraith (D:10)
  8 komodo dragons
  16 trolls
  A spark wasp simulacrum (Spider:4)
  9 tyrant leeches
  3 bloated husks
  A merfolk (shapeshifter) (D:15)
  17 hornets
  6 polar bears
  22 tarantellas
  17 blink frogs
  2 meliai (Spider:4)
  A polar bear (shapeshifter) (Elf:3)
  Grinder (D:3)
  A jorogumo simulacrum (Spider:4)
  11 dream sheep
  3 air elementals
  A centaur simulacrum (D:10)
  42 jumping spiders
  14 spriggans
  5 shadows
  2 wyverns (D:11)
  76 yaks
  109 slime creatures
  31 culicivoras
  A spriggan (shapeshifter) (D:13)
  3 water elementals (Depths:1)
  A vampire (D:11)
  2 steam dragons
  4 fire bats (Elf:2)
  2 fire elementals
  Grum (D:8)
  4 basilisks
  11 golden eyes
  A golden eye (shapeshifter) (D:15)
  53 redbacks
  3 chaos spawn
  12 vampire mosquitoes
  11 swamp worms
  5 wargs
  Duvessa (D:4)
  3 acid dragons (D:11)
  16 water moccasins
  3 black bears
  43 orc warriors
  9 swamp drakes
  The ghost of WhatIsLove the Trooper, an amateur HOMo (D:3)
  2 ice beasts (D:7)
  A sky beast (D:6)
  15 wolves
  18 ogres
  A boggart (D:11)
  2 centaurs
  Blork the orc (D:6)
  5 earth elementals
  15 bullfrogs
  8 kobold brigands
  2 scorpions (D:5)
  A wight (D:9)
  Dowan (D:4)
  A killer bee (D:11)
  2 howler monkeys
  An electric eel (Spider:3)
  2 jellies
  A hound (D:6)
  37 orc priests
  2 gnoll boudas
  An iron imp (D:9)
  Ijyb (D:3)
  Jessica (D:2)
  Natasha (thrice) (D:3)
  4 iguanas
  2 sleepcaps
  Terence (D:3)
  24 orc wizards
  3 gnolls (D:9)
  9 adders
  A white imp (D:7)
  4 worms
  2 dart slugs
  89 orcs
  8 endoplasms
  3 giant cockroaches
  8 goblins
  8 hobgoblins
  20 kobolds
  2 quokkas (D:3)
  A ball python (shapeshifter) (D:11)
  11 ball pythons
  7 bats
  6 frilled lizards
  5 rats
1994 creatures vanquished.

Vanquished Creatures (collateral kills)
  the Royal Jelly (Slime:5)
  2 ancient liches (Zot:5)
  A dread lich (Zot:5)
  An orb of fire (Zot:5)
  An electric golem (Zot:5)
  A tentacled monstrosity (Zot:5)
  5 Orb Guardians (Zot:5)
  A quicksilver dragon (Zot:5)
  7 acid blobs (Slime:5)
  A death cob (Zot:5)
  2 draconian monks
  An azure jelly (Slime:5)
  8 rockslimes (Slime:5)
  A storm dragon (Zot:2)
  A fire giant (Zot:1)
  A draconian scorcher (Zot:4)
  A ghost moth (Zot:5)
  A draconian shifter (Zot:1)
  A very ugly thing (Depths:3)
  5 quicksilver oozes (Slime:5)
  A stone giant (Zot:1)
  2 black draconians
  A green draconian (Zot:5)
  3 yellow draconians
  2 red draconians (Zot:5)
  A white draconian (Zot:5)
  2 ettins
  A great orb of eyes (Slime:5)
  A two-headed ogre (Zot:1)
  A centaur warrior (D:14)
  2 iron trolls (Zot:1)
  A deep troll (Zot:1)
  2 ugly things (Depths:3)
  A moth of wrath (Zot:1)
  An efreet (Zot:1)
  A snapping turtle (Zot:5)
  A slime creature (D:14)
  A kobold brigand (Sewer)
68 creatures vanquished.

Vanquished Creatures (others)
  2 dread liches (Zot:5)
  An ancient lich (Zot:4)
  3 orbs of fire (Zot:5)
  2 Killer Klowns (Zot:5)
  A golden dragon (Zot:1)
  A profane servitor (Zot:3)
  2 tentacled monstrosities
  11 Orb Guardians (Zot:5)
  A death cob (Zot:4)
  A storm dragon (Zot:5)
  6 eldritch tentacles
  2 draconian knights (Zot:4)
  4 draconian monks
  A fire giant (Zot:1)
  2 draconian scorchers
  A draconian stormcaller (Zot:5)
  4 draconian shifters
  4 draconian annihilators
  6 stone giants (Zot:1)
  A vampire knight (Depths:1)
  A black draconian (Zot:5)
  4 green draconians
  3 red draconians
  3 yellow draconians
  2 purple draconians
  5 white draconians
  An ettin (Zot:1)
  A two-headed ogre (Zot:2)
  3 iron trolls (Zot:1)
  A deep troll (Zot:1)
  4 moths of wrath (Zot:1)
  An efreet (Zot:1)
  A troll (Zot:1)
  A large abomination (Zot:3)
  A ynoxinul (Zot:1)
  2 humans (Swamp:2)
  A steam dragon (Swamp:4)
  A floating eye (Depths:1)
  4 swamp drakes (Swamp:4)
  An ogre (Zot:1)
  An ufetubus (Zot:3)
  2 foxfires (Swamp:1)
  128 fulminant prisms
228 creatures vanquished.

Grand Total: 2290 creatures vanquished

Notes
Turn   | Place    | Note
-------+----------+-------------------------------------------
     0 | D:1      | Vorhees the Djinni Conjurer began the quest for the Orb.
     0 | D:1      | Vorhees set off with the following spells memorised: Magic
                  | Dart, Searing Ray, Dazzling Flash, Fulminant Prism,
                  | Iskenderun's Mystic Blast.
     0 | D:1      | Reached XP level 1. HP: 15/15 MP: 0/0
   128 | D:1      | Reached skill level 1 in Fighting
   128 | D:1      | Reached XP level 2. HP: 19/22 MP: 0/0
   474 | D:1      | Found a faded altar of an unknown god.
   496 | D:1      | Reached XP level 3. HP: 23/27 MP: 0/0
   496 | D:1      | Learned a level 1 spell: Kiss of Death
   883 | D:2      | Found Saocael's Antique Armour Emporium.
   965 | D:2      | Reached XP level 4. HP: 31/33 MP: 0/0
  1014 | D:2      | Found Umioqixu's Armour Emporium.
  1081 | D:2      | Found Aphecaer's General Store.
  1131 | D:2      | Reached skill level 4 in Spellcasting
  1217 | D:2      | Noticed Jessica
  1223 | D:2      | Killed Jessica
  1224 | D:2      | Reached XP level 5. HP: 21/40 MP: 0/0
  1224 | D:2      | Learned a level 2 spell: Call Imp
  1460 | D:2      | Found the +2 ratskin cloak {*Rats rPois rN+ Str-1 Int-1
                  | Dex+1}
  1755 | D:3      | Found a glowing drain.
  1780 | Sewer    | Entered a sewer
  1871 | Sewer    | Noticed a kobold brigand
  1878 | Sewer    | Killed a kobold brigand
  1879 | Sewer    | Reached XP level 6. HP: 38/46 MP: 0/0
  2031 | Sewer    | Reached skill level 5 in Spellcasting
  2031 | Sewer    | Reached skill level 5 in Conjurations
  2031 | Sewer    | Reached skill level 5 in Hexes
  2031 | Sewer    | Reached skill level 5 in Summonings
  2031 | Sewer    | Reached skill level 5 in Necromancy
  2031 | Sewer    | Reached skill level 5 in Translocations
  2031 | Sewer    | Reached skill level 5 in Transmutations
  2031 | Sewer    | Reached skill level 5 in Fire Magic
  2031 | Sewer    | Reached skill level 5 in Ice Magic
  2031 | Sewer    | Reached skill level 5 in Air Magic
  2031 | Sewer    | Reached skill level 5 in Earth Magic
  2031 | Sewer    | Reached skill level 5 in Poison Magic
  2031 | Sewer    | Reached XP level 7. HP: 43/53 MP: 0/0
  2031 | Sewer    | Learned a level 3 spell: Confusing Touch
  2135 | Sewer    | Reached skill level 5 in Fighting
  2395 | D:3      | Noticed Terence
  2400 | D:3      | Killed Terence
  2438 | D:3      | Noticed Natasha
  2444 | D:3      | Killed Natasha
  2479 | D:3      | Noticed Grinder
  2479 | D:3      | Paralysed by Grinder for 4 turns
  2491 | D:3      | Killed Grinder
  2492 | D:3      | Reached XP level 8. HP: 55/61 MP: 0/0
  2637 | D:3      | Noticed Natasha
  2642 | D:3      | Killed Natasha
  2691 | D:3      | Found a runed translucent door.
  2691 | D:3      | Noticed Natasha
  2698 | D:3      | Killed Natasha
  2734 | D:3      | Noticed WhatIsLove's ghost (amateur HOMo)
  2837 | D:3      | Noticed Ijyb
  2845 | D:3      | Killed Ijyb
  2999 | D:4      | Found Posyep's Serpentskin Sales.
  3005 | D:4      | Reached skill level 1 in Shields
  3005 | D:4      | Reached skill level 6 in Spellcasting
  3133 | D:4      | Noticed Dowan
  3372 | D:4      | Noticed Duvessa
  3378 | D:4      | Killed Duvessa
  3393 | D:4      | Killed Dowan
  3824 | D:5      | Entered Level 5 of the Dungeon
  3855 | D:5      | Reached XP level 9. HP: 58/66 MP: 0/0
  3855 | D:5      | Learned a level 3 spell: Tukima's Dance
  4181 | D:5      | Found a staircase to the Ecumenical Temple.
  4191 | Temple   | Entered the Ecumenical Temple
  4206 | Temple   | Became a worshipper of Gozag Ym Sagoz the Greedy
  4469 | D:5      | Reached skill level 7 in Spellcasting
  4671 | D:6      | Noticed Blork the orc
  4678 | D:6      | Killed Blork the orc
  4715 | D:6      | Found an iron altar of Okawaru.
  4764 | D:6      | Noticed Vorhees's ghost (novice DjHs)
  4774 | D:6      | Found a runed translucent gate.
  4781 | D:6      | Found a runed translucent gate.
  5004 | D:6      | Found a runed translucent gate.
  5729 | D:7      | Reached skill level 8 in Spellcasting
  5976 | D:7      | Noticed a two-headed ogre
  5978 | D:7      | Killed a two-headed ogre
  5979 | D:7      | Reached skill level 9 in Spellcasting
  5979 | D:7      | Reached XP level 10. HP: 37/72 MP: 0/0
  6322 | D:7      | Noticed Maggie
  6328 | D:7      | Killed Maggie
  6468 | D:8      | Identified the +3 demon blade of Makhleb's Inspiration
                  | {flame, *Rage rC- rN+++ Int+4}
  6561 | D:8      | Noticed Grum
  6569 | D:8      | Killed Grum
  6574 | D:8      | Reached skill level 10 in Spellcasting
  6574 | D:8      | Reached skill level 10 in Conjurations
  6574 | D:8      | Reached skill level 10 in Hexes
  6574 | D:8      | Reached skill level 10 in Summonings
  6574 | D:8      | Reached skill level 10 in Necromancy
  6574 | D:8      | Reached skill level 10 in Translocations
  6574 | D:8      | Reached skill level 10 in Transmutations
  6574 | D:8      | Reached skill level 10 in Fire Magic
  6574 | D:8      | Reached skill level 10 in Ice Magic
  6574 | D:8      | Reached skill level 10 in Air Magic
  6574 | D:8      | Reached skill level 10 in Earth Magic
  6574 | D:8      | Reached skill level 10 in Poison Magic
  6673 | D:8      | Noticed Erica
  6679 | D:8      | Killed Erica
  6683 | D:8      | Noticed Psyche
  6689 | D:8      | Killed Psyche
  6871 | D:8      | Found a hazy altar of Hepliaklqana.
  6874 | D:8      | Found a blossoming altar of Fedhas.
  6972 | D:8      | Reached XP level 11. HP: 38/76 MP: 0/0
  6972 | D:8      | Learned a level 4 spell: Olgreb's Toxic Radiance
  6974 | D:8      | Reached skill level 11 in Spellcasting
  7436 | D:8      | Found a glowing silver altar of Zin.
  7649 | D:8      | Noticed Gastronok
  7655 | D:8      | Killed Gastronok
  8075 | D:9      | Reached skill level 12 in Spellcasting
  8312 | D:9      | Noticed Harold
  8317 | D:9      | Noticed a cyclops
  8324 | D:9      | Killed a cyclops
  8325 | D:9      | Killed Harold
  8334 | D:9      | Noticed a skeletal warrior
  8335 | D:9      | Noticed a centaur warrior
  8336 | D:9      | Noticed a boulder beetle
  8339 | D:9      | Killed a centaur warrior
  8340 | D:9      | Reached XP level 12. HP: 35/82 MP: 0/0
  8341 | D:9      | Killed a skeletal warrior
  8342 | D:9      | Reached skill level 13 in Spellcasting
  8356 | D:9      | Killed a boulder beetle
  8678 | D:9      | Identified the +0 flail of Context {heavy, Drain rC+ Will+
                  | Stlth+}
  8779 | D:9      | Found a snail-covered altar of Cheibriados.
  9083 | D:9      | Noticed a two-headed ogre
  9090 | D:9      | Killed a two-headed ogre
  9195 | D:9      | Noticed a centaur warrior
  9205 | D:9      | Killed a centaur warrior
  9299 | D:9      | Noticed a tengu warrior
  9307 | D:9      | Killed a tengu warrior
  9568 | D:9      | Found Duaz's Weapon Shoppe.
  9677 | D:9      | Found a staircase to the Orcish Mines.
  9927 | D:10     | Entered Level 10 of the Dungeon
  9965 | D:10     | Reached skill level 14 in Spellcasting
 10339 | D:10     | Found a staircase to the Lair.
 11187 | D:10     | Found a sacrificial altar of Ru.
 11844 | D:11     | Reached XP level 13. HP: 60/87 MP: 0/0
 11844 | D:11     | Learned a level 5 spell: Silence
 12125 | D:11     | Noticed a stone giant
 12134 | D:11     | Killed a stone giant
 12135 | D:11     | Reached skill level 15 in Spellcasting
 12135 | D:11     | Reached skill level 15 in Conjurations
 12135 | D:11     | Reached skill level 15 in Hexes
 12135 | D:11     | Reached skill level 15 in Summonings
 12135 | D:11     | Reached skill level 15 in Necromancy
 12135 | D:11     | Reached skill level 15 in Translocations
 12135 | D:11     | Reached skill level 15 in Transmutations
 12135 | D:11     | Reached skill level 15 in Fire Magic
 12135 | D:11     | Reached skill level 15 in Ice Magic
 12135 | D:11     | Reached skill level 15 in Air Magic
 12135 | D:11     | Reached skill level 15 in Earth Magic
 12135 | D:11     | Reached skill level 15 in Poison Magic
 12948 | D:11     | Noticed a centaur warrior
 13299 | D:11     | Killed a centaur warrior
 13630 | D:11     | Noticed a sphinx
 13641 | D:11     | Killed a sphinx
 13647 | D:11     | Reached skill level 16 in Spellcasting
 14040 | D:11     | Noticed a deep elf annihilator
 14045 | D:11     | Killed a deep elf annihilator
 14170 | D:11     | Identified the +2 great sword of Light {speed, rF- rC+++
                  | Dex+4}
 14546 | D:11     | Reached XP level 14. HP: 72/93 MP: 0/0
 15226 | Lair:1   | Entered Level 1 of the Lair of Beasts
 15305 | Lair:1   | Identified the +1 long sword of Qoeraule {chaos, +Blink
                  | Will++ MP+9 SInv}
 15373 | Lair:1   | Reached skill level 1 in Armour
 16929 | Lair:2   | Found a hole to the Spider Nest.
 17054 | Lair:2   | Reached skill level 5 in Dodging
 18209 | Lair:3   | Found a staircase to the Swamp.
 18648 | Lair:4   | Reached skill level 5 in Armour
 18653 | Lair:4   | Reached XP level 15. HP: 76/103 MP: 0/0
 18653 | Lair:4   | Learned a level 6 spell: Eringya's Noxious Bog
 18831 | Lair:4   | Found a staircase to the Slime Pits.
 18831 | Lair:4   | Found a viscous altar of Jiyva.
 18853 | Lair:4   | Identified the +6 hand axe "Sucral" {drain, Str+4}
 19087 | Lair:4   | Reached skill level 17 in Spellcasting
 19349 | Lair:4   | Identified the +5 arbalest of Gasivvun {penet, Int+2}
 19978 | Lair:5   | Entered Level 5 of the Lair of Beasts
 19989 | Lair:5   | Noticed Snorg
 19994 | Lair:5   | Noticed Rupert
 19996 | Lair:5   | Killed Snorg
 20019 | Lair:5   | Killed Rupert
 21965 | Lair:5   | Identified the amulet of the Commoners {RegenMP rC- Dex+4}
 22153 | Orc:1    | Entered Level 1 of the Orcish Mines
 22349 | Orc:1    | Noticed Urug
 22357 | Orc:1    | Killed Urug
 22831 | Orc:2    | Entered Level 2 of the Orcish Mines
 22836 | Orc:2    | Reached XP level 16. HP: 101/112 MP: 0/0
 23143 | Orc:2    | Found a staircase to the Elven Halls.
 24000 | Orc:2    | Reached skill level 10 in Fighting
 24839 | Orc:2    | Found a burning altar of Makhleb.
 25216 | Orc:2    | Found Qubbyr's Distillery.
 25219 | Orc:2    | Found Xuocucik's Assorted Antiques.
 25220 | Orc:2    | Found Reheoxt's Assorted Antiques.
 25221 | Orc:2    | Found Feochis's Armour Shoppe.
 25231 | Orc:2    | Bought a pair of slimy gloves for 342 gold pieces
 25231 | Orc:2    | Identified the +1 pair of gloves of Impatience {rF- rC+
                  | Dex+3} (You bought it in a shop on level 2 of the Orcish
                  | Mines)
 25792 | Orc:1    | Found Jias's Book Shoppe.
 26155 | Orc:2    | Bought an ancient cloak for 285 gold pieces
 26155 | Orc:2    | Identified the -1 cloak of Indomitability {rPois rN++ rCorr
                  | Int-3} (You bought it in a shop on level 2 of the Orcish
                  | Mines)
 26159 | Orc:2    | Bought a pitted ring mail for 243 gold pieces
 26159 | Orc:2    | Identified the +1 ring mail of Parlour Games {*Slow rF+
                  | Str+3 Dex+5} (You bought it in a shop on level 2 of the
                  | Orcish Mines)
 26159 | Orc:2    | Bought the sphere of Battle for 2160 gold pieces
 26159 | Orc:2    | Found the sphere of Battle
 26472 | D:12     | Found a portal to a secret trove of treasure.
 26780 | D:12     | Found a transporter.
 26836 | D:12     | Found a transporter.
 26928 | D:12     | Noticed WhatIsLove's ghost (journeyman DrMo)
 27529 | D:13     | Noticed Lodul
 27532 | D:13     | Killed Lodul
 27770 | D:13     | Reached skill level 10 in Dodging
 28691 | D:13     | Noticed Frances
 28695 | D:13     | Killed Frances
 28900 | D:13     | Found a gate to the Vaults.
 29502 | D:14     | Reached XP level 17. HP: 99/121 MP: 0/0
 29502 | D:14     | Learned a level 6 spell: Plasma Beam
 30337 | Spider:1 | Entered Level 1 of the Spider Nest
 30351 | Spider:1 | Reached skill level 18 in Spellcasting
 31713 | Spider:1 | Noticed DEFE's ghost (adept DESh)
 31734 | Spider:1 | Found a transporter.
 31927 | Spider:1 | Found a transporter.
 33757 | Spider:3 | Reached XP level 18. HP: 124/133 MP: 0/0
 34295 | Spider:4 | Entered Level 4 of the Spider Nest
 35052 | Spider:4 | Reached skill level 19 in Spellcasting
 36007 | Spider:4 | Found a runed translucent gate.
 36007 | Spider:4 | Found a runed translucent gate.
 36007 | Spider:4 | Found a runed translucent gate.
 36007 | Spider:4 | Noticed psellion's ghost (adept FoHs)
 36936 | Spider:4 | Got a gossamer rune of Zot
 37088 | Spider:4 | Reached skill level 15 in Fighting
 37265 | Spider:4 | Killed psellion's ghost
 37657 | Swamp:1  | Entered Level 1 of the Swamp
 38516 | Swamp:2  | Noticed Kirke
 38518 | Swamp:2  | Reached XP level 19. HP: 97/143 MP: 0/0
 38518 | Swamp:2  | Learned a level 6 spell: Leda's Unmaking
 38519 | Swamp:2  | Killed Kirke
 39356 | Swamp:2  | Reached skill level 20 in Spellcasting
 40842 | Swamp:3  | Identified the +1 ring mail of Hedging {rC++}
 41215 | Swamp:4  | Entered Level 4 of the Swamp
 42112 | Swamp:4  | Noticed Louise
 42116 | Swamp:4  | Killed Louise
 42433 | Swamp:4  | Found a runed translucent door.
 42434 | Swamp:4  | Noticed WhatIsLove's ghost (adept HOMo)
 42434 | Swamp:4  | Noticed a tentacled monstrosity
 42448 | Swamp:4  | Reached skill level 21 in Spellcasting
 43371 | Swamp:4  | Got a decaying rune of Zot
 43637 | D:15     | Entered Level 15 of the Dungeon
 43954 | D:15     | Found a staircase to the Depths.
 45076 | Vaults:1 | Entered Level 1 of the Vaults
 45082 | Vaults:1 | Reached XP level 20. HP: 76/155 MP: 0/0
 47580 | Vaults:2 | Found Bogi Icu's Antique Armour Shoppe.
 47633 | Vaults:2 | Found a flickering gateway to a bazaar.
 47642 | Bazaar   | Entered a bazaar
 47661 | Bazaar   | Found Zulag's Antique Weapon Shoppe.
 47670 | Bazaar   | Found Pakac's Jewellery Boutique.
 47689 | Bazaar   | Found Vemaqiumn's Armour Shop.
 47805 | Bazaar   | Bought the +5 ring mail of Esioppu {rF++ Str+2 Dex+4} for
                  | 991 gold pieces
 47877 | Vaults:2 | Found a staircase to the Crypt.
 47877 | Vaults:2 | Found a basalt altar of Yredelemnul.
 48037 | Vaults:2 | Reached skill level 22 in Spellcasting
 48639 | Vaults:2 | Found Eckurghugha's Antique Weapon Shop.
 49804 | Vaults:3 | Reached XP level 21. HP: 134/164 MP: 0/0
 49804 | Vaults:3 | Learned a level 7 spell: Haunt
 50169 | Vaults:3 | Found Fonlad Vout's Distillery.
 51016 | Vaults:4 | Reached skill level 23 in Spellcasting
 51322 | Vaults:4 | Found Vusipp's Armour Shop.
 52119 | Vaults:4 | Identified the staff of Corruption {rN+ Dex+3 Necro Air}
 53331 | Elf:1    | Entered Level 1 of the Elven Halls
 54054 | Elf:1    | Reached skill level 24 in Spellcasting
 54200 | Elf:1    | Found a runed translucent gate.
 54200 | Elf:1    | Found a runed translucent gate.
 54200 | Elf:1    | Found a runed translucent gate.
 54200 | Elf:1    | Found a runed translucent gate.
 54200 | Elf:1    | Found a runed translucent gate.
 54201 | Elf:1    | Found a runed translucent gate.
 54461 | Elf:1    | Reached XP level 22. HP: 161/175 MP: 0/0
 55193 | Elf:2    | Paralysed by an air elemental for 1 turns
 56097 | Elf:2    | Identified the ring of Brilliance {Wiz rPois rC+ Will+
                  | Dex+2}
 56104 | Elf:2    | Found Jufaxkilu's Assorted Antiques.
 56109 | Elf:2    | Bought a dazzling dagger for 287 gold pieces
 56109 | Elf:2    | Identified the +5 dagger of the Coin {protect, Int+2} (You
                  | bought it in a shop on level 2 of the Elven Halls)
 56109 | Elf:2    | Bought a glowing helmet for 307 gold pieces
 56306 | Elf:2    | Found a huge runed translucent gate.
 56306 | Elf:2    | Found a huge runed translucent gate.
 56306 | Elf:2    | Found a huge runed translucent gate.
 56306 | Elf:2    | Found a huge runed translucent gate.
 56307 | Elf:2    | Found a huge runed translucent gate.
 56895 | Elf:2    | Reached skill level 25 in Spellcasting
 57225 | Elf:3    | Entered Level 3 of the Elven Halls
 57352 | Elf:3    | Noticed Norris
 57373 | Elf:3    | Killed Norris
 57700 | Elf:3    | Identified the +2 long sword of Irritation {holy, Int+3}
 57706 | Elf:3    | Noticed Asterion
 57716 | Elf:3    | Killed Asterion
 58054 | Elf:3    | Reached skill level 26 in Spellcasting
 58950 | Elf:3    | Found a hide-covered altar of Uskayaw.
 58951 | Elf:3    | Identified the +1 short sword of Resourcefulness {speed,
                  | rElec Str+2 SInv}
 59350 | Elf:3    | Reached XP level 23. HP: 161/180 MP: 0/0
 59350 | Elf:3    | Learned a level 7 spell: Malign Gateway
 59484 | Elf:3    | Found Tiewkyun's Antique Weapon Boutique.
 59754 | Elf:3    | Bought an ichor-stained sling for 208 gold pieces
 59754 | Elf:3    | Identified the +5 sling of Focus {drain, rElec Str+2} (You
                  | bought it in a shop on level 3 of the Elven Halls)
 59754 | Elf:3    | Bought an encrusted flail for 272 gold pieces
 59754 | Elf:3    | Identified the +9 flail of Eprurow {pain, MP+9} (You bought
                  | it in a shop on level 3 of the Elven Halls)
 59754 | Elf:3    | Bought a shimmering short sword for 256 gold pieces
 59754 | Elf:3    | Identified the +9 short sword of Day {freeze, rF+ Will+
                  | Int-5 SInv} (You bought it in a shop on level 3 of the
                  | Elven Halls)
 59767 | Elf:3    | Identified a scroll of acquirement
 59768 | Elf:3    | Acquired a manual of Shields
 59812 | Elf:3    | Identified the +2 cloak of Eleume {Regen+ Slay+2}
 60192 | Depths:1 | Entered Level 1 of the Depths
 60297 | Depths:1 | Noticed Nikola
 60301 | Depths:1 | Killed Nikola
 61087 | Depths:1 | Found a gateway to Hell.
 61121 | Depths:1 | Reached skill level 27 in Spellcasting
 61278 | Depths:1 | Found Voemmil's Antique Weapon Emporium.
 61278 | Depths:1 | Found Saixin's Jewellery Shoppe.
 61468 | Depths:1 | Found Myrietee's Weapon Emporium.
 61477 | Depths:1 | Bought the amulet of Stoicism {Acrobat rElec rF- Will+
                  | Int+3} for 733 gold pieces
 62065 | Depths:1 | Found a one-way gateway to a ziggurat.
 62747 | Depths:2 | Noticed Vv
 63174 | Depths:2 | Noticed a juggernaut
 63180 | Depths:2 | Killed a juggernaut
 64043 | Depths:2 | Identified the +7 longbow of Blood {drain, Will+ Dex-2
                  | SInv}
 64094 | Depths:2 | Noticed a golden dragon
 64108 | Depths:2 | Killed a golden dragon
 64663 | Depths:2 | Found a one-way gate leading to the halls of Pandemonium.
 64757 | Depths:2 | Found Wioxexuytu's Book Shop.
 64758 | Depths:2 | Found Geriot's Jewellery Shoppe.
 64758 | Depths:2 | Found Hethim's Jewellery Shoppe.
 64847 | Depths:2 | Killed Vv
 64848 | Depths:2 | Reached XP level 24. HP: 80/186 MP: 0/0
 65247 | Depths:2 | Noticed Bai Suzhen
 65251 | Depths:2 | Killed Bai Suzhen
 66172 | Depths:3 | Identified the +2 scale mail of the Bruised Orbs {rC+}
 66486 | Depths:3 | Reached skill level 10 in Armour
 66622 | Depths:3 | Found a stormy altar of Qazlal.
 67435 | Depths:3 | Reached skill level 5 in Shields
 67675 | Depths:3 | Identified the amulet of the Invisible Lies {Spirit rPois
                  | rC+++ rCorr Slay-6}
 67788 | Depths:3 | Found a one-way gate to the infinite horrors of the Abyss.
 68798 | Depths:3 | Identified the +0 buckler of Abstinence {Rampage rN+ Str+7
                  | Dex-2}
 69244 | Depths:4 | Entered Level 4 of the Depths
 69244 | Depths:4 | Noticed the Enchantress
 70512 | Depths:3 | Killed the Enchantress
 71190 | Depths:4 | Reached XP level 25. HP: 120/194 MP: 0/0
 71190 | Depths:4 | Learned a level 9 spell: Dragon's Call
 71736 | Depths:4 | Reached skill level 10 in Shields
 72088 | Depths:4 | Found a gate to the Realm of Zot.
 73421 | Slime:1  | Entered Level 1 of the Pits of Slime
 75755 | Slime:4  | Gained mutation: You are frail. (-10% HP) [a shining eye]
 75756 | Slime:4  | Gained mutation: You occasionally lose the ability to drink
                  | potions when taking damage. [a shining eye]
 77552 | Slime:5  | Entered Level 5 of the Pits of Slime
 77667 | Slime:5  | Noticed the Royal Jelly
 77688 | Slime:5  | Killed the Royal Jelly
 78504 | Slime:5  | Identified the +8 great sword "Lolur" {flame, Str-4 Int+4
                  | SInv}
 78561 | Slime:5  | Identified the staff of Peril {*Corrode rN+ Dex+3 Necro}
 78563 | Slime:5  | Identified the +5 short sword of Action {pain, *Noise
                  | Fragile Str+3 Int+8}
 78568 | Slime:5  | Identified the ring "Hyifipp" {rCorr Dex+3}
 78571 | Slime:5  | Got a slimy rune of Zot
 78652 | Slime:5  | Found the ring of Shadows {Umbra +Inv Stlth+}
 78693 | Slime:5  | Identified the +3 troll leather armour of Untruth {Regen+
                  | Str+3}
 79867 | D:6      | Killed Vorhees's ghost
 79953 | D:3      | Killed WhatIsLove's ghost
 80277 | Swamp:4  | Killed WhatIsLove's ghost
 80288 | Swamp:4  | Identified the +0 scale mail of Usypina {rPois Will- Dex+7}
 81817 | Zot:1    | Entered Level 1 of the Realm of Zot
 82078 | Zot:1    | Reached XP level 26. HP: 151/184 MP: 0/0
 82580 | Zot:1    | You are sucked into a shaft and drop 1 floor!
 89823 | Zot:3    | Identified the +0 chain mail of Levity {Rampage rN+ Dex-3}
 90921 | Zot:4    | Reached XP level 27. HP: 158/191 MP: 0/0
 90921 | Zot:4    | Learned a level 9 spell: Death's Door
 91116 | Zot:4    | Reached skill level 15 in Shields
 91351 | Zot:4    | Identified the +8 morningstar "Thing" {drain, Will+}
 91417 | Zot:4    | Noticed an ancient lich
 91978 | Zot:4    | Found a transporter.
 92293 | Zot:5    | Entered Level 5 of the Realm of Zot
 92389 | Zot:5    | Found the crystal ball of Wucad Mu {*channel}
 93009 | Zot:5    | Noticed an orb of fire
 93080 | Zot:5    | Noticed a dread lich
 93169 | Zot:5    | Noticed a dread lich
 93189 | Zot:5    | Killed a dread lich
 93305 | Zot:5    | Killed a dread lich
 93305 | Zot:5    | Noticed an orb of fire
 93310 | Zot:5    | Noticed a Killer Klown
 93339 | Zot:5    | Killed a dread lich
 93350 | Zot:5    | Noticed an ancient lich
 93350 | Zot:5    | Noticed a Killer Klown
 93350 | Zot:5    | Noticed an ancient lich
 93358 | Zot:5    | Killed an ancient lich
 93375 | Zot:5    | Killed an orb of fire
 94414 | Zot:5    | Noticed a dread lich
 94417 | Zot:5    | Killed a dread lich
 95021 | Zot:5    | Noticed an orb of fire
 95039 | Zot:5    | Killed an orb of fire
 95650 | Zot:5    | Got the Orb of Zot
 95779 | Zot:3    | Noticed Garyucs the pandemonium lord
 96014 | Depths:3 | Noticed Atakho the pandemonium lord
 96104 | D:15     | Noticed Novudee the pandemonium lord
 96104 | D:15     | Noticed an ancient lich
 96229 | D:9      | Noticed Oxer the pandemonium lord
 96254 | D:9      | Noticed Kirosot the pandemonium lord
 96481 | D:$      | Escaped with the Orb!

Illustrated notes

Levels and vault maps discovered:
D:1:      minmay_arrival_open_corners, layout_basic, basic_ecumenical_altar,
          st_stairs_1, minmay_quantized
D:2:      minmay_diamond_boxcup, layout_rooms, serial_shops, shop,
          nicolae_diamond_shop, nicolae_square_shop, kennysheep_generic_room_12,
          uniq_jessica
D:3:      layout_basic, cheibrodos_sewer_entry_bend, gammafunk_ghost_grave,
          uniq_terence, uniq_ijyb, uniq_grinder, uniq_natasha
D:4:      layout_rooms, guppyfry_shop_venom, uniq_duvessa
D:5:      layout_loops_ring, minmay_temple_entry_gardened_gates
D:6:      layout_basic, mainiacjoe_overflow_large_starburst,
          gammafunk_ghost_split, uniq_blork_the_orc
D:7:      layout_rooms, uniq_maggie
D:8:      layout_basic, nicolae_overflow_hidden_temple, uniq_gastronok,
          uniq_grum, uniq_psyche, uniq_erica
D:9:      minmay_chopped_fan, layout_basic, chei_slow_surprise, serial_shops,
          kennysheep_mini, serial_park_tiny_1, uniq_harold
D:10:     minmay_coctagon, layout_irregular_city,
          nicolae_ru_sacrificial_ziggurat, erik_lair_orcish_takeover
D:11:     minmay_the_grid_4x2 [minmay_the_grid_odd_star,
          minmay_the_grid_stretched_grid, minmay_the_grid_eight,
          minmay_the_grid_minigrid_large, minmay_the_grid_tiny_cups,
          minmay_the_grid_doors, minmay_the_grid_medium_cups,
          minmay_the_grid_prize_diamond_cup], layout_long_grid
D:12:     layout_loops_cross, nicolae_trove_entry_crossroad,
          gammafunk_ghost_hive
D:13:     layout_loops_corners, david_vaults_5, uniq_lodul, uniq_frances
D:14:     layout_cave_pools, hangedman_decor_points,
          minmay_fractal_squares_gapless_5
D:15:     grunt_enter_depths_snipers, layout_gridville,
          hangedman_abyss_or_decor_stabs
Temple:   nicolae_temple_ecumenical_triangle
Lair:1:   layout_concentric_octagons, grunt_forest_small_clearings,
          beast_lair_carwin_3
Lair:2:   layout_small_grid, spider_nest_entry_funnel_web
Lair:3:   layout_hall_layers, swamp_mist, grunt_megastairs_5,
          serial_bayou_shore_b
Lair:4:   layout_regular_city, slime_entry_1, grunt_megastairs_3
Lair:5:   evilmike_catoblepas_cave, layout_cave_pods, uniq_rupert, uniq_snorg
Swamp:1:  layout_falls_marsh, nicolae_swamp_small_spring
Swamp:2:  layout_falls_marsh, nicolae_swamp_stair_fork, swamp_pool4,
          st_swamp_ruins_3, uniq_kirke
Swamp:3:  layout_basic_swamp, serial_swamp_ruin, evilmike_swamp_ruin_house_3,
          evilmike_swamp_ruin_house_4, evilmike_swamp_ruin_house_1
Swamp:4:  swamp_fiery, layout_basic_swamp, ebering_ghost_inner_flame,
          uniq_louise
Spider:1: layout_spider_delve, gammafunk_ghost_arena,
          nicolae_spider_world_wide_web
Spider:2: layout_spider_delve, nicolae_spider_eight_legs
Spider:3: layout_spider_delve, nicolae_spider_paper_wasps
Spider:4: grunt_spider_rune_parallel, gammafunk_ghost_necromancy
Slime:1:  cheibrodos_slime_lost_civilization_10, layout_caves
Slime:2:  layout_caves
Slime:3:  layout_caves
Slime:4:  layout_caves, cheibrodos_slime_lost_civilization_5
Slime:5:  slime_pit_nicolae_trefoil
Orc:1:    layout_diamond_mine, serial_shops, nicolae_shop_behind_doors,
          uniq_urug
Orc:2:    st_orc_pillars, layout_caves, basic_altar
Elf:1:    layout_geoelf_diagonals, orc_legates, st_stairs_1, grunt_ministairs_7,
          nicolae_wwwww
Elf:2:    elven_hall_of_blades_hangedman_alternative
          [mumra_blade_entry_bloodbath], layout_loops_ring, basic_altar,
          serial_shops, nicolae_shop_trees, serial_sigils_hangedman_shear,
          minivault_8, lemuel_upstairs_altar
Elf:3:    minmay_elf_hall_circle, layout_geoelf_octagon, serial_shops, shop,
          nicolae_elf_altarnating, uniq_asterion, uniq_norris
Vaults:1: nicolae_vaults_storage_room_water, nicolae_vaults_cochlea,
          nicolae_vaults_trapezoid_layered, nicolae_vaults_triangles,
          ontoclasm_vaults_eye, nicolae_vaults_layer_cake_slice,
          nicolae_vaults_doubleplus_tesselated,
          nicolae_vaults_storage_room_doors, layout_vaults_omnigrid
Vaults:2: nicolae_vaults_trapezoid_lopsided_1, v_rooms_4, grunt_vaults_diagonal,
          v_alt_pattern_3, nicolae_vaults_house_1, nicolae_vaults_two_Ls,
          nicolae_vaults_diffraction_hallways, minmay_crypt_entry_necro_gods,
          grunt_vaults_twisty, nicolae_vaults_surprise_closet,
          vaults_room_octagon, nicolae_vaults_circle_grid_a,
          vaults_room_stairs_pillars, nicolae_vaults_stepped_doors,
          nicolae_vaults_tetromino_L_2, layout_vaults_omnibox, serial_shops,
          bzr_entry_water, shop, shop
Vaults:3: nicolae_vaults_shrinking_rooms_1, v_rooms_5, v_misc_23,
          vaults_dpeg_diagonal, nicolae_vaults_layer_cake_slice, v_rooms_2,
          hangedman_vaults_maws, nicolae_vaults_house_2,
          nicolae_vaults_double_plus_2, nicolae_vaults_asterisk,
          layout_vaults_big_room, serial_shops, shop
Vaults:4: v_misc_12, v_misc_26, nicolae_vaults_taking_the_gang_shopping,
          hangedman_vaults_cutoff, v_pattern_3, nicolae_vaults_angled_halls,
          nicolae_vaults_trapezoid_2, nicolae_vaults_heart-shaped_vault,
          nicolae_vaults_two_Ls, nicolae_vaults_trapezoid_1,
          nicolae_vaults_little_squares_6, vaults_dpeg_hooks,
          nicolae_vaults_trapezoid_lopsided_1, layout_vaults_omnicross
Depths:1: layout_roguey, enter_ziggurat_b, minmay_misc_feat_chi, hell_entry,
          lightli_minifort, serial_bayou_shore_b, minmay_shop_star,
          nicolae_triple_integral, uniq_nikola
Depths:2: minmay_swirls_squares, layout_honeycomb, hell_entry,
          grunt_pan_entry_sceptre, nicolae_two_hexagons, minmay_librarian,
          minmay_shop_grove, uniq_vv, uniq_bai_suzhen
Depths:3: grunt_house_of_mirrors, layout_gridlike, abyss_entry,
          nicolae_hell_entry_hellmouth_sunbeams, minmay_hedge_maze,
          grunt_qazlal_clouds
Depths:4: evilmike_zot_entry_argh, layout_small_grid, hell_entry,
          marbit_kobold_abyss_entry, minivault_16, uniq_enchantress
Zot:1:    lemuel_halls_of_wrath, layout_basic
Zot:2:    layout_cathedral_of_symmetry
Zot:3:    layout_concentric_octagons
Zot:4:    gammafunk_sealed_library, layout_gridville
Zot:5:    layout_basic

Skill      XL: |  1  2  3  4  5  6  7  8  9 10 11 12 13 14 15 16 17 18 19 20 21 22 23 24 25 26 27 |
---------------+----------------------------------------------------------------------------------+-----
Fighting       | 1 2 3 4 5 8 9 11 13 15 17 18 19 20 21 22 23 | 23.4
Spellcasting   | 4 5 6 9 10 12 14 16 17 18 19 21 22 24 26 27 | 27.0
Conjurations   | 4 5 6 9 10 12 14 16 17 18 19 20 21 23 24 25 26 | 26.0
Hexes          | 4 5 6 9 10 12 14 16 17 18 19 20 21 23 24 25 26 | 26.0
Summonings     | 4 5 6 9 10 12 14 16 17 18 19 20 21 23 24 25 26 | 26.0
Necromancy     | 4 5 6 9 10 12 14 16 17 18 19 20 21 23 24 25 26 | 26.0
Translocations | 4 5 6 9 10 12 14 16 17 18 19 20 21 23 24 25 26 | 26.0
Transmutations | 4 5 6 9 10 12 14 16 17 18 19 20 21 23 24 25 26 | 26.0
Fire Magic     | 4 5 6 9 10 12 14 16 17 18 19 20 21 23 24 25 26 | 26.0
Ice Magic      | 4 5 6 9 10 12 14 16 17 18 19 20 21 23 24 25 26 | 26.0
Air Magic      | 4 5 6 9 10 12 14 16 17 18 19 20 21 23 24 25 26 | 26.0
Earth Magic    | 4 5 6 9 10 12 14 16 17 18 19 20 21 23 24 25 26 | 26.0
Poison Magic   | 4 5 6 9 10 12 14 16 17 18 19 20 21 23 24 25 26 | 26.0
Shields        | 3 4 9 11 14 16 | 16.2
Armour         | 5 7 9 10 | 10.1
Dodging        | 6 8 10 13 14 | 14.9
Long Blades    | |  0.7
Stealth        | |  1.5
Evocations     | |  0.1

Action                     |  1- 3 |  4- 6 |  7- 9 | 10-12 | 13-15 | 16-18 | 19-21 | 22-24 | 25-27 || total
---------------------------+-------+-------+-------+-------+-------+-------+-------+-------+-------++-------
  Melee: Staff             |       |     2 |       |       |     2 |       |       |       |       ||     4
         Long sword        |       |       |       |       |       |       |     3 |     2 |     1 ||     6
   Cast: Magic Dart        |    67 |    65 |   124 |    17 |       |    12 |       |       |       ||   285
         Searing Ray       |       |    11 |    40 |     4 |     2 |     5 |       |       |       ||    62
         Iskenderun's Myst |       |     1 |     4 |    74 |   160 |   171 |    52 |    60 |    91 ||   613
         Call Imp          |       |     1 |       |       |       |       |       |       |       ||     1
         Fulminant Prism   |       |       |    13 |    37 |    55 |    22 |     1 |       |       ||   128
         Olgreb's Toxic Ra |       |       |       |    62 |   202 |   373 |     2 |     5 |     3 ||   647
         Tukima's Dance    |       |       |       |       |       |     2 |       |       |       ||     2
         Plasma Beam       |       |       |       |       |       |   105 |   443 |   452 |   457 ||  1457
         Leda's Unmaking   |       |       |       |       |       |       |    17 |   100 |    90 ||   207
         Eringya's Noxious |       |       |       |       |       |       |       |     1 |     1 ||     2
         Malign Gateway    |       |       |       |       |       |       |       |     3 |     3 ||     6
         Haunt             |       |       |       |       |       |       |       |       |     7 ||     7
         Dragon's Call     |       |       |       |       |       |       |       |       |     1 ||     1
 Invoke: Call Merchant     |       |       |       |       |       |     3 |       |       |     2 ||     5
         Potion Petition   |       |       |       |       |       |       |       |       |     4 ||     4
         Bribe Branch      |       |       |       |       |       |       |       |       |     5 ||     5
  Evoke: Wand              |       |       |       |       |     2 |       |       |       |     2 ||     4
    Use: Scroll            |     1 |     4 |    11 |     7 |     7 |     5 |     5 |     7 |    18 ||    65
         Potion            |       |       |       |     4 |     7 |     1 |       |     2 |    10 ||    24
 Armour: Robe              |     4 |     9 |    27 |       |       |       |       |       |       ||    40
         Steam dragon scal |       |       |       |    26 |    27 |    68 |    19 |       |       ||   140
         Ring mail         |       |       |       |       |       |       |    27 |    82 |   147 ||   256
  Dodge: Dodged            |     4 |    14 |    27 |     6 |    19 |    63 |    33 |    37 |   115 ||   318
  Block: Buckler           |       |       |     6 |     8 |    10 |    24 |    13 |    16 |    66 ||   143

Table legend: (Time is in decaauts)
 A = Elapsed time spent in this place.
 B = Non-inter-level travel time spent in this place.
 C = Inter-level travel time spent in this place.
 D = Time resting spent in this place.
 E = Time spent auto-exploring this place.
 F = Levels seen in this place.
 G = Mean time per level.
                   A        B        C        D        E       F      G
               +--------+--------+--------+--------+--------+-----+--------+
         Total |  96579 |  88039 |   8540 |  24424 |  51490 |  54 | 1788.5 |
       Dungeon |  23035 |  19997 |   3038 |   4349 |  13320 |  15 | 1535.7 |
        Temple |     20 |      3 |     17 |      0 |      0 |   1 |   20.0 |
          Lair |   8263 |   7543 |    720 |   1074 |   5614 |   5 | 1652.6 |
         Swamp |   5889 |   5500 |    389 |   1529 |   3538 |   4 | 1472.2 |
   Spider Nest |   6591 |   6380 |    211 |   1733 |   3630 |   4 | 1647.8 |
    Slime Pits |   6220 |   5771 |    449 |   1155 |   3997 |   5 | 1244.0 |
  Orcish Mines |   4459 |   3845 |    614 |    260 |   3018 |   2 | 2229.5 |
   Elven Halls |   7144 |   6729 |    415 |   1962 |   3830 |   3 | 2381.3 |
        Vaults |   7933 |   7277 |    656 |    643 |   5889 |   4 | 1983.2 |
        Depths |  12197 |  11568 |    629 |   4226 |   6024 |   4 | 3049.2 |
           Zot |  14193 |  12795 |   1398 |   7493 |   2207 |   5 | 2838.6 |
        Bazaar |    182 |    182 |      0 |      0 |    150 |   1 |  182.0 |
         Sewer |    447 |    447 |      0 |      0 |    273 |   1 |  447.0 |
               +--------+--------+--------+--------+--------+-----+--------+

Top non-repeatable levels by time:
Depths:3: 4220 daAuts
   Zot:2: 4203 daAuts
    D:10: 3594 daAuts
Depths:2: 3038 daAuts
   Orc:2: 3020 daAuts
   Elf:2: 2703 daAuts
     D:9: 2560 daAuts
   Zot:5: 2538 daAuts
   Zot:3: 2523 daAuts
Depths:1: 2487 daAuts
   Zot:4: 2465 daAuts
   Zot:1: 2461 daAuts
Depths:4: 2450 daAuts
Vaults:1: 2387 daAuts
   Elf:1: 2244 daAuts
